[Event "*** Titled Tuesday Blitz"]
[Site "Chess.com"]
[Date "2018.06.05"]
[Round "5"]
[White "guillembaches"]
[Black "LuisFSiles"]
[Result "0-1"]
[WhiteElo "2220"]
[BlackElo "2145"]
[TimeControl "180+2"]
[EndTime "14:19:09 PDT"]
[Termination "LuisFSiles won on time"]

1. d4 Nf6 2. Bf4 e6 3. e3 b6 4. Nd2 Bb7 5. Ngf3 Bd6 6. Bg3 O-O 7. Bd3 Nc6 8. c3 Ne7 9. e4 Bxg3 10. hxg3 d5 11.
e5 Ne4 12. Qc2 Ng6 13. Nxe4 dxe4 14. Bxe4 Bxe4 15. Qxe4 Qd5 16. Qg4 h6 17. Nh4 c5 18.
Nxg6 fxg6 19. Qxg6 cxd4 20. O-O dxc3 21. bxc3 Qxe5 22. Rae1 Qf6 23. Rxe6 Qxg6 24. Rxg6 Rac8 25. Rd1 Rf5 26. Rd7 Rf7 27. Rd3 Rfc7 28. f4 Kf7 29.
f5 Re7 30. g4 Rc4 31. g5 h5 32. Rgd6 Rf4 33. g6+ Kf8 34. Rd8+ Re8 35. R8d7 Re7 36.
R7d5 Re1+ 37. Kh2 Rh4+ 38. Kg3 Rg4+ 39. Kf2 Re8 40. Rd7 Rf4+ 41. Kg3 Rxf5 42. Rxa7 Rg5+ 43. Kh2 Rxg6 44. Rdd7 Kg8 45. Rd2 Re3 46. Rc7 Rgg3 47. c4 h4 48. Rd8+ Kh7 49. Rcc8 Re2 50. Rh8+ Kg6 51.
Rxh4 Rgxg2+ 52. Kh1 Rg5 53. Rc6+ Kf5 54. Rh8 Re1+ 55.
Kh2 Re2+ 56. Kh3 Re3+ 57. Kh2 Re2+ 58. Kh3 Re3+ 59. Kh2 Re2+ 60. Kh3 Re3+ 61. Kh2 Kg4 62. Kg2 Re2+ 63. Kf1 Rxa2 64. Rxb6 Rf5+ 65. Ke1 g5 66. Rbh6 Rff2 67. c5 Rfe2+ 68. Kf1 Rec2 69. Re6 Rxc5 70. Re2 Rc1+ 71. Kf2 Rxe2+ 72. Kxe2 Kg3 73. Rb8 g4 74. Rb4 Kh3 75. Kd2 Ra1 76. Ke3 g3 77. Kf3 Rf1+ 78. Ke2 Rf8 79. Rb7 Kg2 80. Rg7 Kh2 81.
Rh7+ Kg1 82. Rg7 g2 83. Rh7 Re8+ 84. Kf3 Re5 85. Rg7 Rf5+ 86. Ke2 Kh2 87. Rh7+ Kg3 88. Rg7+ Kh3 89. Rh7+ Kg4 90. Rg7+ Kh3 91. Rh7+ Kg3 92. Rg7+ Kh2 93. Rh7+ Kg1 94. Rg7 Rf4 95. Rg8 Rh4 96. Rg7 Kh1 97. Kf3 Rh2 0-1

[Event "*** Titled Tuesday Blitz"]
[Site "Chess.com"]
[Date "2018.06.05"]
[Round "5"]
[White "kuli4ik"]
[Black "ChessWarrior7197"]
[Result "1-0"]
[WhiteElo "2697"]
[BlackElo "2676"]
[TimeControl "180+2"]
[EndTime "14:19:33 PDT"]
[Termination "kuli4ik won on time"]

1. d4 Nf6 2. c4 e6 3. Nf3 d5 4. Nc3 a6 5. c5 b6 6. cxb6 cxb6 7. Bf4 Bb7 8. Rc1 Nc6 9. e3 Bd6 10. Bg3 O-O 11. Bd3 h6 12. O-O Rc8 13. Bh4 Be7 14.
Qe2 Nb4 15. Bb1 a5 16. Rfd1 Ba6 17. Qe1 Ne4 18. Bxe7 Qxe7 19. Ne2 Rxc1 20. Rxc1 Nd3 21. Bxd3 Bxd3 22. Ne5 Ba6 23. Nc3 Nd6 24. Na4 Qb7 25. b3 Bb5 26. Nc3 Be8 27. Rc2 f6 28. Nf3 Bg6 29.
Rc1 Rc8 30. Na4 Rc6 31. Rxc6 Qxc6 32. Qc3 Qb7 33. h3 Be8 34. Nb2 Nb5 35. Qc1 Kf8 36.
a4 Na7 37. Qc2 Nc6 38. Qh7 Bf7 39. Nd3 Bg8 40. Qg6 Ne7 41. Qg3 Bh7 42. Nf4 Kf7 43.
Nh5 Nf5 44. Qf4 g5 45. Qh2 Bg6 46. Ng3 Qc7 47. Nf1 Qc2 48. N3d2 Ne7 49. Qb8 Qc6 50. Nf3 Bd3 51. N1d2 Nc8 52. g3 Ke7 53. g4 Kd7 54. Ne1 Ba6 55. Nef3 Qc3 56. Kg2 Qc6 57. Ne1 Be2 58.
Nef3 Bd1 59. h4 gxh4 60. Nxh4 Bxg4 61. Qf4 Qc2 62. Qxg4 Qxd2 63. Qg7+ Ne7 64. Ng6 Qb4 65. Nf8+ Ke8 66. Nxe6 Qd6 67. Qxf6 Kd7 68. Nf8+ Kc7 69. Qf7 Kd8 70. Ne6+ Kd7 71. Nf4 Kc6 72. Kf3 Kd7 73. Ke2 Kc6 74. Qe8+ Kb7 75. Qf7 Kc6 76. Kd3 Qb4 77.
Qe6+ Kb7 78. Ke2 Ka7 79. Nxd5 Nxd5 80. Qxd5 Qe7 81. Qe5 Qh7 82. e4 h5 83. d5 h4 84.
d6 h3 85. Qe7+ Qxe7 86. dxe7 h2 87. e8=Q h1=Q 88. Qd7+ Kb8 89. Qd6+ Kb7 90. Qd5+ Ka7 91. Qd3 Qh5+ 92. Qf3 Qc5 93. Kf1 Qg5 94. Qe3 Qe5 95.
Kg2 Kb7 96. f4 Qg7+ 97. Kf3 Qh7 98. e5 Qh3+ 99. Ke4 Qh1+ 100. Qf3 Qh7+ 101. f5 Kc7 102. e6 Kb7 103. Ke5+ Ka7 104. f6 Qc7+ 105. Kf5 Qc2+ 106.
Qe4 Qf2+ 107. Kg6 Qg3+ 108. Kf7 Qxb3 109. Kf8 Qc3 110. Qf4 b5 111. axb5 Kb7 112. e7 1-0

[Event "*** Titled Tuesday Blitz"]
[Site "Chess.com"]
[Date "2018.06.05"]
[Round "6"]
[White "ChainsOfFantasia"]
[Black "AlexTruskavetsky"]
[Result "1-0"]
[WhiteElo "2406"]
[BlackElo "2276"]
[TimeControl "180+2"]
[EndTime "14:21:18 PDT"]
[Termination "ChainsOfFantasia won by resignation"]

1. d4 Nf6 2. c4 g6 3. Nc3 d5 4. Nf3 Bg7 5. Bf4 c5 6. dxc5 Qa5 7. cxd5 Nxd5 8. Qxd5 Bxc3+ 9. Bd2 Bxd2+ 10. Qxd2 Qxc5 11. Rc1 1-0

[Event "*** Titled Tuesday Blitz"]
[Site "Chess.com"]
[Date "2018.06.05"]
[Round "6"]
[White "GameOverBro"]
[Black "TBergh98"]
[Result "1-0"]
[WhiteElo "2370"]
[BlackElo "2182"]
[TimeControl "180+2"]
[EndTime "14:21:23 PDT"]
[Termination "GameOverBro won by resignation"]

1. e4 e5 2. Nf3 Nc6 3. Bb5 Nf6 4. d4 exd4 5. O-O Nxe4 6. Re1 d5 7. Nxd4 Bd7 8. f3 Nxd4 9. Bxd7+ Qxd7 10. Qxd4 Bc5 11.
Qxc5 1-0

[Event "*** Titled Tuesday Blitz"]
[Site "Chess.com"]
[Date "2018.06.05"]
[Round "6"]
[White "DiamondCrusher22"]
[Black "PawnEatingZombie"]
[Result "1-0"]
[WhiteElo "1978"]
[BlackElo "2038"]
[TimeControl "180+2"]
[EndTime "14:21:35 PDT"]
[Termination "DiamondCrusher22 won by checkmate"]

1. e4 c5 2. Nf3 e6 3. c3 Nf6 4.
e5 Nd5 5. d4 cxd4 6. cxd4 d6 7.
a3 Bd7 8. Bd3 Bc6 9. O-O Nd7 10.
Qe2 Be7 11. Nc3 Nxc3 12. bxc3 dxe5 13. Nxe5 Nxe5 14. Qxe5 O-O 15. Re1 Rc8 16. Qh5 Qd5 17. Qxh7# 1-0

[Event "*** Titled Tuesday Blitz"]
[Site "Chess.com"]
[Date "2018.06.05"]
[Round "6"]
[White "saikrishnaReturns"]
[Black "vpantev"]
[Result "1-0"]
[WhiteElo "2642"]
[BlackElo "2443"]
[TimeControl "180+2"]
[EndTime "14:22:28 PDT"]
[Termination "saikrishnaReturns won by resignation"]

1. e4 c6 2. Nc3 d5 3. Nf3 dxe4 4. Nxe4 Nf6 5. Nxf6+ exf6 6. Bc4 Bd6 7. O-O O-O 8. d4 Re8 9. c3 Nd7 10. Qb3 Re7 11.
Bd2 Nb6 12. Bd3 Bg4 13. Nh4 Qc7 14. h3 Be6 15. c4 Bf4 16. Ba5 Qd7 17. Rad1 Bxh3 18.
gxh3 Qxh3 19. Bxh7+ 1-0

[Event "*** Titled Tuesday Blitz"]
[Site "Chess.com"]
[Date "2018.06.05"]
[Round "6"]
[White "ama18"]
[Black "Blitzking4444"]
[Result "0-1"]
[WhiteElo "2238"]
[BlackElo "2071"]
[TimeControl "180+2"]
[EndTime "14:24:06 PDT"]
[Termination "Blitzking4444 won by resignation"]

1. e4 e6 2. d4 d5 3. Nd2 Be7 4. Ngf3 Nf6 5. e5 Nfd7 6. Bd3 c5 7. c3 Nc6 8. O-O a5 9. Re1 cxd4 10. cxd4 Qb6 11. Nb1 Nxd4 12. Nxd4 Qxd4 13. Nc3 Qb6 14. Nb5 O-O 15. Be3 Qd8 16. Bd4 Nc5 17. Bxh7+ Kxh7 18. Bxc5 Bxc5 19. Qc2+ g6 20. Qxc5 b6 21. Rac1 bxc5 0-1

[Event "*** Titled Tuesday Blitz"]
[Site "Chess.com"]
[Date "2018.06.05"]
[Round "6"]
[White "Quiet_Desperation"]
[Black "maziarbagheri"]
[Result "1-0"]
[WhiteElo "2374"]
[BlackElo "2225"]
[TimeControl "180+2"]
[EndTime "14:24:31 PDT"]
[Termination "Quiet_Desperation won by resignation"]

1. e4 e5 2. Nf3 Nc6 3. Bb5 a6 4.
Ba4 Nf6 5. d3 b5 6. Bb3 Be7 7.
c3 O-O 8. O-O d6 9. h3 Na5 10. Bc2 c5 11. Qe2 Nc6 12. Rd1 Qc7 13. Nbd2 Be6 14. Nf1 Rfe8 15. Ng3 h6 16. Nh4 Bf8 17.
Nhf5 d5 18. Qf3 dxe4 19. dxe4 Nh7 20. Be3 Rad8 21. a4 Ng5 22. Qg4 g6 23. Bxg5 hxg5 24.
Qxg5 Rxd1+ 25. Rxd1 1-0

[Event "*** Titled Tuesday Blitz"]
[Site "Chess.com"]
[Date "2018.06.05"]
[Round "6"]
[White "dretch"]
[Black "Ravan_02"]
[Result "1-0"]
[WhiteElo "2736"]
[BlackElo "2485"]
[TimeControl "180+2"]
[EndTime "14:24:34 PDT"]
[Termination "dretch won by resignation"]

1. d4 g6 2. c4 Bg7 3. Nf3 d6 4. e4 Nf6 5. Nc3 O-O 6. h3 e5 7.
dxe5 dxe5 8. Qxd8 Rxd8 9. Bg5 c6 10. Nxe5 Re8 11. O-O-O h6 12. Bf4 Nh5 13. Bh2 Na6 14.
g4 Bxe5 15. Bxe5 Rxe5 16. Rd8+ Kg7 17. gxh5 Rxh5 18. Be2 Re5 19. Bg4 f5 20. exf5 gxf5 21. f4 Rc5 22. Be2 Kf6 23. a3 b5 24. b4 Rxc4 25. Bxc4 bxc4 26. Rhd1 Bb7 27. R1d6+ Ke7 28. R8d7+ 1-0

[Event "*** Titled Tuesday Blitz"]
[Site "Chess.com"]
[Date "2018.06.05"]
[Round "6"]
[White "Patzel09"]
[Black "hitaman"]
[Result "1-0"]
[WhiteElo "2603"]
[BlackElo "2566"]
[TimeControl "180+2"]
[EndTime "14:24:41 PDT"]
[Termination "Patzel09 won by resignation"]

1. e4 e5 2. f4 d5 3. exd5 exf4 4. Nf3 Nf6 5. Nc3 Nxd5 6. Nxd5 Qxd5 7. d4 Bd6 8. c4 Qe4+ 9. Kf2 O-O 10. Bd3 Qe8 11.
c5 Be7 12. Bxf4 Bg4 13. Re1 Qd8 14. Be4 Nc6 15. Qa4 Bf6 16. d5 Bxf3 17. Bxf3 Nd4 18. Be4 Re8 19. Rad1 b5 20. Qa3 Rxe4 21. Rxe4 Qxd5 22.
Qe3 g5 23. Be5 1-0

[Event "*** Titled Tuesday Blitz"]
[Site "Chess.com"]
[Date "2018.06.05"]
[Round "6"]
[White "GMCanty"]
[Black "florianschwabeneder"]
[Result "0-1"]
[WhiteElo "2191"]
[BlackElo "2377"]
[TimeControl "180+2"]
[EndTime "14:24:46 PDT"]
[Termination "florianschwabeneder won by resignation"]

1. e4 a6 2. d4 d6 3. Bd3 g6 4. Nf3 Bg7 5. Nc3 b5 6. a3 Bb7 7. Be3 e6 8. h4 h6 9. Qe2 Nd7 10. Rd1 Qe7 11. b4 Ngf6 12. Bd2 O-O 13. e5 dxe5 14. dxe5 Nd5 15. Ne4 c5 16. Nd6 Bc6 17. h5 c4 18. Be4 g5 19. Nxg5 hxg5 20. h6 Bxe5 21. Qh5 Bxd6 22. Bxg5 f6 23. h7+ Kh8 24. Bh6 Rf7 25. Bg6 Ne5 0-1

[Event "*** Titled Tuesday Blitz"]
[Site "Chess.com"]
[Date "2018.06.05"]
[Round "6"]
[White "pedromartinez91"]
[Black "FMJoseHerrera"]
[Result "0-1"]
[WhiteElo "2293"]
[BlackElo "2451"]
[TimeControl "180+2"]
[EndTime "14:24:47 PDT"]
[Termination "FMJoseHerrera won by checkmate"]

1. e4 c5 2. Nf3 e6 3. g3 b6 4.
Bg2 Bb7 5. Nc3 d6 6. O-O a6 7. a4 Qc7 8. Re1 Nd7 9. d4 cxd4 10. Nxd4 Ngf6 11. h3 Be7 12. Nde2 O-O 13. Nf4 Rac8 14. h4 Ne5 15. h5 Neg4 16. Bh3 Ne5 17. h6 g6 18. Nxe6 fxe6 19. Bxe6+ Kh8 20. f4 Nc4 21.
Nd5 Nxd5 22. exd5 Bf6 23. c3 Rce8 24. g4 Qc5+ 25. Kh2 Qf2+ 26. Kh3 Bxd5 27. Qxd5 Qxe1 28.
Qxc4 Rxe6 29. g5 Bxg5 30. Bd2 Qh4+ 31. Kg2 Qg4+ 32. Kh1 Re2 33. Qd3 Qg2# 0-1

[Event "*** Titled Tuesday Blitz"]
[Site "Chess.com"]
[Date "2018.06.05"]
[Round "6"]
[White "lionheart95"]
[Black "11kevin"]
[Result "1-0"]
[WhiteElo "2392"]
[BlackElo "2244"]
[TimeControl "180+2"]
[EndTime "14:24:55 PDT"]
[Termination "lionheart95 won by resignation"]

1. e4 c6 2. d4 d5 3. e5 Bf5 4. h4 h5 5. Bd3 Bxd3 6. Qxd3 Qa5+ 7. Bd2 Qa6 8. e6 Qxd3 9. exf7+ Kxf7 10. cxd3 e6 11.
Nf3 Be7 12. Nc3 Bf6 13. Ne2 Ne7 14. Be3 Nf5 15. Kd2 Na6 16. a3 Nc7 17. b4 a5 18.
g3 Ra6 19. Ng5+ Bxg5 20. hxg5 Rha8 21. bxa5 Rxa5 22. Rxh5 Rxa3 23. Rxa3 Rxa3 24. g4 Ne7 25. Bf4 Nb5 26. Be5 Ng6 27. f4 Ra2+ 28. Ke3 Na3 29. f5 Nc2+ 30. Kf3 Ne1+ 31. Ke3 Nxe5 32. dxe5 Ng2+ 33.
Kf3 Rxe2 34. g6+ Kg8 35. f6 Rxe5 36. f7+ Kf8 37. Rh8+ 1-0

[Event "*** Titled Tuesday Blitz"]
[Site "Chess.com"]
[Date "2018.06.05"]
[Round "6"]
[White "Caterpiller35"]
[Black "maciek_92"]
[Result "0-1"]
[WhiteElo "2356"]
[BlackElo "2610"]
[TimeControl "180+2"]
[EndTime "14:24:57 PDT"]
[Termination "maciek_92 won by resignation"]

1. d4 Nf6 2. Bf4 d5 3. e3 c5 4.
c3 Nc6 5. Nd2 Bf5 6. Qb3 Qb6 7.
dxc5 Qxb3 8. axb3 e5 9. Bg3 Bxc5 10. Ngf3 Nd7 11. b4 Bd6 12. Bb5 f6 13. O-O Ke7 14. Rfd1 h5 15. Bxc6 bxc6 16. Ra6 g5 17.
h4 g4 18. Ne1 c5 19. e4 dxe4 20.
Nxe4 Bxe4 21. Raxd6 Rhd8 22. Nd3 Kxd6 23. Nxc5+ Ke7 24.
Nxe4 Nb6 25. Ra1 Nc4 26. Ra6 f5 27. Nc5 f4 28. Re6+ Kf7 29. Rh6 Rd1+ 30. Kh2 Nd2 0-1

[Event "*** Titled Tuesday Blitz"]
[Site "Chess.com"]
[Date "2018.06.05"]
[Round "6"]
[White "ehrenfeld"]
[Black "sergeikim"]
[Result "1-0"]
[WhiteElo "2459"]
[BlackElo "2379"]
[TimeControl "180+2"]
[EndTime "14:25:00 PDT"]
[Termination "ehrenfeld won by resignation"]

1. e4 e5 2. Nc3 Nf6 3. f4 d5 4.
fxe5 Nxe4 5. Qf3 Nxc3 6. bxc3 c5 7. Bb5+ Nc6 8. Qg3 Bd7 9. Rb1 a6 10. Be2 b5 11. Nf3 Qe7 12. O-O h6 13. a4 b4 14.
cxb4 Nxb4 15. c3 Nc6 16. Ba3 Qe6 17. d4 c4 18. Bxf8 Kxf8 19. Nh4 Kg8 20. Nf5 Qg6 21.
Qxg6 fxg6 22. Ne3 Be6 23. Rb6 Nd8 24. Bf3 Kh7 25. Bxd5 Bxd5 26. Nxd5 Ra7 27. e6 Re8 28. e7 Nb7 29. Rf8 1-0

[Event "*** Titled Tuesday Blitz"]
[Site "Chess.com"]
[Date "2018.06.05"]
[Round "6"]
[White "GGX0X0"]
[Black "Flawless2018"]
[Result "1-0"]
[WhiteElo "2325"]
[BlackElo "2474"]
[TimeControl "180+2"]
[EndTime "14:25:16 PDT"]
[Termination "GGX0X0 won by resignation"]

1. e4 e5 2. Nf3 Nc6 3. Bc4 Nf6 4.
O-O h6 5. Re1 d6 6. c3 g5 7. d4 exd4 8. cxd4 Be7 9. Nc3 Bg4 10.
Be3 Qd7 11. Bb5 a6 12. Ba4 b5 13. Nxb5 axb5 14. Bxb5 Rb8 15. a4 O-O 16. d5 Bxf3 17. gxf3 Qh3 18. dxc6 g4 19. Bf1 Qh5 20. Bg2 Rxb2 21.
a5 Qg6 22. a6 gxf3 23. Qxf3 Ng4 24. a7 Ra8 25. Reb1 Bf6 26. Rxb2 Bxb2 27. Rb1 Nxe3 28.
Qxe3 Qh5 29. Rxb2 1-0

[Event "*** Titled Tuesday Blitz"]
[Site "Chess.com"]
[Date "2018.06.05"]
[Round "6"]
[White "ShimanovAlex"]
[Black "carlesdc96"]
[Result "0-1"]
[WhiteElo "2703"]
[BlackElo "2583"]
[TimeControl "180+2"]
[EndTime "14:25:19 PDT"]
[Termination "carlesdc96 won by resignation"]

1. d4 e6 2. Bf4 Nf6 3. e3 b6 4. Qf3 d5 5. Nc3 Bd6 6. O-O-O Ba6 7. Nge2 Qe7 8. g4 h6 9. h4 Bxf4 10. Nxf4 Bxf1 11. Rdxf1 c6 12. g5 Nfd7 13. e4 Qd6 14. exd5 cxd5 15. g6 O-O 16. Qe3 Nc6 17. Rhg1 Rae8 18.
gxf7+ Rxf7 19. Nh5 e5 20. Nb5 Qf8 21. Nc7 Ree7 22.
Nxd5 Re6 23. Nc7 Rd6 24. d5 Nd4 25. c3 Nf5 26. Qe4 Nc5 27. Qxe5 Nd3+ 0-1

[Event "*** Titled Tuesday Blitz"]
[Site "Chess.com"]
[Date "2018.06.05"]
[Round "6"]
[White "BlueWizzard"]
[Black "Divertissement"]
[Result "1-0"]
[WhiteElo "2477"]
[BlackElo "2530"]
[TimeControl "180+2"]
[EndTime "14:25:20 PDT"]
[Termination "BlueWizzard won by checkmate"]

1. d4 Nf6 2. Nf3 g6 3. b3 Bg7 4. Bb2 O-O 5. g3 d5 6. Bg2 Nbd7 7. O-O b6 8. Nbd2 Bb7 9. a4 a6 10. a5 b5 11. b4 e6 12. e3 Ne8 13. Ne5 Nd6 14. Nd3 Nc4 15. Qe2 Qe7 16. Nxc4 bxc4 17.
Ne5 Nxe5 18. dxe5 Rfd8 19. Bd4 f6 20. exf6 Bxf6 21. c3 e5 22. Bc5 Qf7 23. f4 e4 24.
Rac1 Kh8 25. g4 Rg8 26. Qe1 h5 27. h3 Bc8 28. Qg3 hxg4 29. hxg4 Kg7 30. g5 Be7 31. f5 Bxc5 32. Qe5+ Kh7 33. Qh2+ Kg7 34. Qh6# 1-0

[Event "*** Titled Tuesday Blitz"]
[Site "Chess.com"]
[Date "2018.06.05"]
[Round "6"]
[White "plouarzel"]
[Black "Hollywood_Chess"]
[Result "1-0"]
[WhiteElo "2416"]
[BlackElo "2216"]
[TimeControl "180+2"]
[EndTime "14:25:29 PDT"]
[Termination "plouarzel won by resignation"]

1. e4 c5 2. Nf3 g6 3. d4 cxd4 4.
Qxd4 Nf6 5. e5 Nc6 6. Qa4 Nd5 7. Qb3 Nc7 8. Nc3 Bg7 9. Bf4 O-O 10. O-O-O Ne6 11.
Bg3 a6 12. Kb1 b5 13. h4 Qc7 14. Nd5 Qb8 15. h5 Re8 16. hxg6 hxg6 17. Qe3 a5 18. Qe4 Nb4 19. Qh4 Nxd5 20. Rxd5 b4 21. Bd3 Bb7 22.
Rxd7 Bxf3 23. gxf3 Ra7 24. Rxa7 Qxa7 25. f4 Nc5 26. f5 Nxd3 27. f6 exf6 28. exf6 Re1+ 29.
Rxe1 Nxe1 30. fxg7 Kxg7 31. Be5+ f6 32. Bxf6+ Kf8 33.
Qh8+ Kf7 34. Qh7+ 1-0

[Event "*** Titled Tuesday Blitz"]
[Site "Chess.com"]
[Date "2018.06.05"]
[Round "6"]
[White "kleinebeer98"]
[Black "FairChess_on_YouTube"]
[Result "0-1"]
[WhiteElo "2480"]
[BlackElo "2957"]
[TimeControl "180+2"]
[EndTime "14:25:33 PDT"]
[Termination "FairChess_on_YouTube won by resignation"]

1. e4 c5 2. Nf3 e6 3. b3 b6 4. Bd3 Nc6 5. O-O Bb7 6. Re1 d6 7. Bb2 Nge7 8. c3 Ng6 9. Bf1 d5 10. exd5 Qxd5 11. Na3 Be7 12. c4 Qh5 13. Bxg7 Rg8 14.
Bb2 Nf4 15. g3 O-O-O 16. Ne5 Nh3+ 17. Bxh3 Qxh3 18. f3 Rxg3+ 19. hxg3 Qxg3+ 20. Kf1 Rg8 21. Ng4 Qh3+ 22. Kg1 Rxg4+ 23. fxg4 Nd4 24. Kf2 Bh4+ 0-1

[Event "*** Titled Tuesday Blitz"]
[Site "Chess.com"]
[Date "2018.06.05"]
[Round "6"]
[White "Supernotar"]
[Black "nubair1198"]
[Result "1-0"]
[WhiteElo "2437"]
[BlackElo "2528"]
[TimeControl "180+2"]
[EndTime "14:25:33 PDT"]
[Termination "Supernotar won by resignation"]

1. d4 Nf6 2. c4 g6 3. Nc3 Bg7 4. e4 d6 5. Be2 e5 6. Nf3 exd4 7.
Nxd4 Nc6 8. Be3 Bd7 9. f3 O-O 10. O-O a5 11. Qd2 Re8 12. Rac1 a4 13. Rfd1 h5 14.
Nd5 a3 15. b3 Nxd5 16. cxd5 Nxd4 17. Bxd4 Bxd4+ 18. Qxd4 h4 19. Rc3 c5 20. dxc6 Bxc6 21. Qxd6 Qg5 22. Qd2 Qe5 23. Rd3 h3 24. gxh3 Qh5 25.
Bf1 Re5 26. Rd8+ Rxd8 27. Qxd8+ Kh7 28. Bg2 Rg5 29. Qf6 Qh6 30. Rd8 Rxg2+ 31. Kxg2 Qg7 32. Qh4+ Qh6 33. Rh8+ Kxh8 34. Qxh6+ Kg8 35. Kg3 1-0

[Event "*** Titled Tuesday Blitz"]
[Site "Chess.com"]
[Date "2018.06.05"]
[Round "6"]
[White "Tash_Boy"]
[Black "ezkybel"]
[Result "1-0"]
[WhiteElo "2680"]
[BlackElo "2352"]
[TimeControl "180+2"]
[EndTime "14:25:33 PDT"]
[Termination "Tash_Boy won by resignation"]

1. e4 e6 2. d4 d5 3. Nc3 dxe4 4. Nxe4 Bd7 5. Nf3 Bc6 6. Bd3 Nf6 7. Ng3 Be7 8. O-O Bxf3 9. Qxf3 c6 10. c3 Nbd7 11. a4 Qc7 12. a5 a6 13. Re1 O-O-O 14. b4 h5 15. h3 h4 16. Nf1 Bd6 17. Rb1 Nd5 18. Bd2 g5 19. c4 g4 20. Qxg4 Rdg8 21. Qf3 Nf4 22. Bxf4 Bxf4 23. b5 Rg5 24. bxc6 Rhg8 25.
cxd7+ Kd8 26. Be4 Rxg2+ 27. Qxg2 Rxg2+ 28. Bxg2 Qxa5 29. Bxb7 Kxd7 30. c5 Bc7 31. Bg2 f5 32. Ne3 f4 33. Ng4 Qa3 34. c6+ Kd6 35. Ne5 Ke7 36.
Rb7 Qd6 37. Nc4 Qxd4 38. Rxc7+ Kf6 39. Ne5 Qd2 40. Ng4+ Kg6 41. Rxe6+ 1-0

[Event "*** Titled Tuesday Blitz"]
[Site "Chess.com"]
[Date "2018.06.05"]
[Round "6"]
[White "TST2014"]
[Black "mazetofonias"]
[Result "0-1"]
[WhiteElo "2473"]
[BlackElo "2544"]
[TimeControl "180+2"]
[EndTime "14:25:48 PDT"]
[Termination "mazetofonias won on time"]

1. d4 Nf6 2. c4 e6 3. Nf3 c5 4. d5 d6 5. Nc3 exd5 6. cxd5 g6 7. e4 a6 8. a4 Bg4 9. Be2 Bxf3 10. Bxf3 Nbd7 11. O-O Bg7 12. Bf4 Qe7 13. Re1 O-O 14. Qd2 c4 15. Be3 Rfc8 16. Bd4 Nc5 17. e5 dxe5 18.
Rxe5 Qd6 19. Rae1 Nb3 20. Qf4 Nxd4 21. Qxd4 Nd7 22. Bg4 Nxe5 23. Bxc8 Nf3+ 24. gxf3 Bxd4 25. Re8+ Kg7 26. Ne4 Qxd5 27. Be6 Qxe6 28. Rxa8 Bxb2 29. Rb8 c3 30. Rxb7 c2 31. Rxb2 c1=Q+ 32. Kg2 Qxb2 33. h3 f5 0-1

[Event "*** Titled Tuesday Blitz"]
[Site "Chess.com"]
[Date "2018.06.05"]
[Round "6"]
[White "Aygehovit1992"]
[Black "OK97"]
[Result "1-0"]
[WhiteElo "2527"]
[BlackElo "2645"]
[TimeControl "180+2"]
[EndTime "14:25:52 PDT"]
[Termination "Aygehovit1992 won by resignation"]

1. e4 g6 2. d4 Bg7 3. Nc3 d6 4. f4 Nf6 5. Nf3 O-O 6. e5 dxe5 7. fxe5 Nd5 8. Bc4 Nxc3 9. bxc3 c5 10. O-O Bg4 11.
h3 Bxf3 12. Qxf3 Nc6 13. Bxf7+ Kh8 14. e6 cxd4 15. Rb1 dxc3 16. Rxb7 Ne5 17. Qe4 Rb8 18.
Rxb8 Qxb8 19. Bg5 Qd6 20. Kh1 Nxf7 21. exf7 Bf6 22. Rxf6 exf6 23. Bh6 Qd1+ 24. Kh2 Qd6+ 25. g3 Rxf7 26. Qe8+ Rf8 27. Qxf8+ Qxf8 28. Bxf8 Kg8 29.
Bb4 1-0

[Event "*** Titled Tuesday Blitz"]
[Site "Chess.com"]
[Date "2018.06.05"]
[Round "6"]
[White "olomi007"]
[Black "Gareth-Bale11"]
[Result "1-0"]
[WhiteElo "2643"]
[BlackElo "2445"]
[TimeControl "180+2"]
[EndTime "14:25:52 PDT"]
[Termination "olomi007 won by resignation"]

1. e4 e5 2. Nf3 Nc6 3. Bb5 a6 4. Ba4 Nf6 5. O-O Nxe4 6. d4 b5 7. Bb3 d5 8. dxe5 Be6 9. Be3 Be7 10. c3 O-O 11. Re1 Nc5 12. Bc2 Bg4 13. h3 Bh5 14.
Bxh7+ Kxh7 15. Ng5+ Bxg5 16. Qxh5+ Bh6 17. Bxc5 Qd7 18.
Bxf8 Rxf8 19. Nd2 d4 20. Nf3 d3 21. Rad1 Rd8 22. Ng5+ Kg8 23. e6 fxe6 24. Nxe6 Re8 25.
Ng5 Rf8 26. Qg6 Qf5 27. Qxf5 Rxf5 28. Re8+ Rf8 29. Rxf8+ Kxf8 30. h4 Ne5 31. f4 Nc4 32.
b3 Nb2 33. Rd2 b4 34. cxb4 1-0

[Event "*** Titled Tuesday Blitz"]
[Site "Chess.com"]
[Date "2018.06.05"]
[Round "6"]
[White "colegiodemadrid"]
[Black "talento10"]
[Result "0-1"]
[WhiteElo "2274"]
[BlackElo "2185"]
[TimeControl "180+2"]
[EndTime "14:26:06 PDT"]
[Termination "talento10 won on time"]

1. e4 c5 2. Nf3 d6 3. d4 cxd4 4. Nxd4 Nf6 5. Nc3 g6 6. Be3 Bg7 7. f3 O-O 8. Qd2 Nc6 9. O-O-O d5 10. Kb1 Nxd4 11. e5 Nf5 12. exf6 exf6 13. Nxd5 Be6 14. Bc4 Rc8 15. Bb3 Bxd5 16. Bxd5 Nxe3 17. Qxe3 Qc7 18. Bb3 f5 19. Rhe1 Qxh2 20. g4 Qh4 21. gxf5 Qf6 22.
c3 Qxf5+ 23. Bc2 Qf6 24. Qxa7 Rxc3 0-1

[Event "*** Titled Tuesday Blitz"]
[Site "Chess.com"]
[Date "2018.06.05"]
[Round "6"]
[White "tan275"]
[Black "Xeniya2005"]
[Result "0-1"]
[WhiteElo "1995"]
[BlackElo "1935"]
[TimeControl "180+2"]
[EndTime "14:26:10 PDT"]
[Termination "Xeniya2005 won by resignation"]

1. d4 Nf6 2. c4 g6 3. g3 Bg7 4. Bg2 O-O 5. Nf3 d5 6. cxd5 Nxd5 7. O-O Nc6 8. e4 Nb6 9. d5 Na5 10. Nc3 c6 11. Bf4 cxd5 12. exd5 Nac4 13. Qe2 Bg4 14. h3 Bxf3 15. Bxf3 Nxb2 16. Qxb2 Na4 17. Nxa4 Bxb2 18. Nxb2 Rc8 19. Rac1 Rxc1 20. Rxc1 Qb6 21. Nc4 Qa6 22. Ne5 Qxa2 23. Ng4 h5 24. Ne5 Kg7 25. Nd3 b5 26.
Be5+ Kg8 27. Nc5 b4 28. Bd1 Qxd5 29. Bb2 Rc8 30. Bb3 Qd6 31. Ne4 Rxc1+ 32. Bxc1 Qc6 0-1

[Event "*** Titled Tuesday Blitz"]
[Site "Chess.com"]
[Date "2018.06.05"]
[Round "6"]
[White "dawtonlms"]
[Black "leclash"]
[Result "1-0"]
[WhiteElo "2384"]
[BlackElo "2291"]
[TimeControl "180+2"]
[EndTime "14:26:23 PDT"]
[Termination "dawtonlms won by resignation"]

1. e4 e5 2. Nf3 Nc6 3. d4 exd4 4. Bc4 Bc5 5. c3 Nf6 6. cxd4 Bb4+ 7. Bd2 Nxe4 8.
Bxb4 Nxb4 9. Bxf7+ Kxf7 10. Qb3+ d5 11. Qxb4 Rf8 12. O-O Kg8 13. Ne5 Qf6 14. Nc3 Nxc3 15. Qxc3 c6 16. Rae1 Bf5 17. b4 a6 18. a4 h5 19. a5 g5 20. Re3 g4 21. f3 Qg7 22.
fxg4 Bxg4 23. Rxf8+ Rxf8 24. Rg3 Qf6 25. h3 Qf1+ 26.
Kh2 Qf4 27. Ng6 Qd6 28. Ne5 Rf4 29. hxg4 1-0

[Event "*** Titled Tuesday Blitz"]
[Site "Chess.com"]
[Date "2018.06.05"]
[Round "6"]
[White "GianmarcoVaR"]
[Black "ENEASZ"]
[Result "1-0"]
[WhiteElo "2512"]
[BlackElo "2505"]
[TimeControl "180+2"]
[EndTime "14:26:29 PDT"]
[Termination "GianmarcoVaR won by resignation"]

1. d4 d6 2. e4 Nf6 3. Nc3 e5 4.
Nge2 Be7 5. f3 c6 6. Be3 b5 7. dxe5 dxe5 8. Qxd8+ Bxd8 9. a4 b4 10. Na2 Be7 11. Nec1 a5 12. Bc4 Ba6 13. Bxa6 Nxa6 14.
Nd3 Nd7 15. b3 f6 16. Ke2 Nac5 17. Nac1 Ne6 18. Nb2 Bc5 19. Ncd3 Bxe3 20. Kxe3 Ke7 21. Nc4 Rhb8 22. Rhd1 Nb6 23. Nxb6 Rxb6 24. Rd2 c5 25. Nb2 Nd4 26. Nc4 Rc6 27. Kf2 Ke6 28. Ne3 g6 29.
Re1 Re8 30. g3 f5 31. exf5+ gxf5 32. Nc4 Kf6 33. Nxa5 Rc7 34. Nc4 e4 35. fxe4 fxe4 36. Rf1 Nf3 37. Ke3 Ke6 38. Rd6+ Ke7 39. Rh6 Kf8 40. Nd6 Re6 41. Rxe6 1-0